 Dungeon Crawl Stone Soup version 0.17-a0-1634-g6672d08 (webtiles) character file.

130 Oddball22 the Changer (level 4, -1/35 HPs)
             Began as a Draconian Transmuter on Aug 4, 2015.
             Slain by trantor's ghost (2 damage)
             ... on level 3 of the Dungeon.
             The game lasted 00:08:35 (3156 turns).

Oddball22 the Changer (Draconian Transmuter)        Turns: 3156, Time: 00:08:35

Health: -1/35      AC:  5    Str: 12      XL:     4   Next: 90%
Magic:  2/7        EV: 17    Int: 14      God:
Gold:   112        SH:  0    Dex: 13 (17) Spells: 3 memorised, 2 levels left

rFire  + . .     SeeInvis .     j - +2 dagger (speed)
rCold  + . .     Clarity  .     (armour unavailable)
rNeg   . . .     SustAt   .     (no shield)
rPois  +         Gourm    .     (helmet restricted)
rElec  +         Spirit   .     (no cloak)
rCorr  +         Warding  .     (no gloves)
rMut   .         Stasis   .     (no boots)
MR     .....                    (no amulet)
Stlth  ++........               (no ring)
                                (no ring)

@: agile, resistant, not resistant to hostile enchantments, unstealthy
A: unfitting armour, cold-blooded, AC +5
a: no special abilities


You were on level 3 of the Dungeon.
You were hungry.

You visited 1 branch of the dungeon, and saw 3 of its levels.

You collected 112 gold pieces.

Inventory:

Hand weapons
 j - a +2 dagger of speed (weapon)
Missiles
 a - 8 arrows (quivered)
Scrolls
 d - 3 scrolls of identify {unknown}
 k - a scroll of teleportation {unknown}
 m - a scroll of random uselessness {unknown}
Potions
 e - a potion of cancellation
Books
 b - a book of Changes

   Spells                             Type                      Level
   a - Beastly Appendage              Transmutation                1
   b - Sticks to Snakes               Transmutation                2
   c - Spider Form                    Transmutation/Poison         3
   d - Ice Form                       Ice/Transmutation            4
   e - Blade Hands                    Transmutation                5
Miscellaneous
 n - a plain deck of changes {drawn: 1}
Comestibles
 c - 2 bread rations
 f - a chunk of flesh
 l - 2 meat rations


   Skills:
 - Level 1.1 Fighting
 - Level 1.7 Dodging
 - Level 3.0 Unarmed Combat
 - Level 2.6 Spellcasting
 * Level 4.0 Transmutations
 + Level 2.2 Poison Magic


You had 2 spell levels left.
You knew the following spells:

 Your Spells              Type           Power        Failure   Level  Hunger
a - Beastly Appendage     Trmt           ##....       4%          1    #......
b - Sticks to Snakes      Trmt           ##........   10%         2    ###....
c - Spider Form           Trmt/Pois      ##........   21%         3    ###....


Dungeon Overview and Level Annotations

Branches:
Dungeon (3/15)

Altars:
Nemelex Xobeh

Annotations:
D:3 trantor's ghost, average HEHu


Innate Abilities, Weirdness & Mutations

Your plain brown scales are hard (AC +5).
Your body does not fit into most forms of armour.
You are cold-blooded and may be slowed by cold attacks.


Message History

Trantor's ghost hits you.
* * * LOW HITPOINT WARNING * * *
You barely miss trantor's ghost.
Trantor's ghost is almost destroyed.
Your ball python bites trantor's ghost but does no damage.
Your ball python barely misses trantor's ghost.
Trantor's ghost keens inconsolably.
Trantor's ghost barely misses you.
You hit trantor's ghost.
Trantor's ghost is almost destroyed.
Your ball python bites trantor's ghost but does no damage.
Your ball python barely misses trantor's ghost.
You hit trantor's ghost.
Your tail-slap misses trantor's ghost.
Trantor's ghost is almost destroyed.
Your ball python bites trantor's ghost.
Trantor's ghost barely misses you.
You closely miss trantor's ghost. You tail-slap trantor's ghost.
Trantor's ghost is almost destroyed.
Your ball python bites trantor's ghost but does no damage. x2
Trantor's ghost hits you.
You die...

... #......###### ###. #.#
####.#.........# #... #.
...<.......###.# #.## #
####.##.##.# #.# #.#
####.##.##.# #.# #.#
.........#.###.# #.#
####.#.#_......# #.#
#.....#.##### #.# ##.#@W#.#
#.# #.#SS#.# #.#
####.#..#.# #.#
..........#### #.#
####.........#######.#
..#########..####.........#
#.#..........# ###########
#..........#.#
#...###.##...#


You could see trantor's ghost and 2 friendly ball pythons.

Vanquished Creatures
  5 adders
  4 oozes
  2 worms
  A ball python (D:1)
  2 giant cockroaches
  8 goblins
  5 hobgoblins
  8 jackals
  2 quokkas (D:2)
  10 bats
  3 giant newts
  8 kobolds
  5 rats
63 creatures vanquished.

Notes
Turn   | Place    | Note
--------------------------------------------------------------
     0 | D:1      | Oddball22 the Draconian Transmuter began the quest for the Orb.
     0 | D:1      | Reached XP level 1. HP: 16/16 MP: 3/3
    53 | D:1      | Reached XP level 2. HP: 14/23 MP: 1/5
    66 | D:1      | Learned a level 2 spell: Sticks to Snakes
   584 | D:1      | Reached XP level 3. HP: 23/28 MP: 4/6
  1287 | D:1      | Learned a level 3 spell: Spider Form
  1646 | D:2      | Reached skill level 1 in Poison Magic
  1832 | D:2      | Reached XP level 4. HP: 31/35 MP: 5/7
  2761 | D:3      | Noticed trantor's ghost (average HEHu)
  2864 | D:3      | Found a sparkling altar of Nemelex Xobeh.
  3025 | D:3      | Reached skill level 4 in Transmutations
  3152 | D:3      | HP: 1/35 [trantor's ghost (4)]
  3156 | D:3      | Slain by trantor's ghost

Vault maps used:
D:1:      evilmike_arrival_hilbert_curve
D:2:      lemuel_old_faithful
D:3:      nicolae_qazlal_general_emergency, nemelex_deck,
          gup_sewer_entry_bubbles

Action                   |  1- 3 |  4- 6 || total
-------------------------+-------+-------++-------
Melee: Unarmed           |   107 |       ||   107
       Dagger            |    46 |   136 ||   182
 Cast: Beastly Appendage |    13 |     9 ||    22
       Sticks to Snakes  |       |     4 ||     4
Evoke: Deck              |       |     1 ||     1
  Use: Potion            |       |     4 ||     4
 Stab: Sleeping          |     1 |       ||     1
       Distracted        |       |     1 ||     1
  Eat: Chunk             |     3 |     4 ||     7
